General information
- name: BNet
- type: Ladder team game (AT/RT)
- host: Battle.net
- saver: NOOBSLAYER
map: MarketSquare
- players: 8
- length: 32:54
- speed: Fast
- version: 1.28 W3XP
- replay type: Public
» download(285 KB)
Players
team 1 (winner)

»
maui (
orange | 67 APM | 2192 actions | 32:53)
5 Mountain King
3 Storm Bolt
2 Bash
3 Paladin
2 Holy Light
1 Divine Shield
1 Archmage
1 Brilliance Aura
» actions
| Assign group hotkey | 35 | |
| Basic commands | 41 | |
| Build / train | 109 | |
| Enter build submenu | 48 | |
| Enter hero's abilities submenu | 9 | |
| Give item / drop item | 2 | |
| Right click | 684 | |
| Select / deselect | 380 | |
| Select group hotkey | 749 | |
| Use ability | 135 | |
2192 total
» units
| Peasant | 21 | |
| Footman | 5 | |
| Spell Breaker | 5 | |
| Priest | 6 | |
| Knight | 3 | |
40 total
» upgrades
| Masonry | 2 | |
| Lumber Harvesting | 1 | |
| Priest Training | 2 | |
| Control Magic | 1 | |
| Swords | 2 | |
| Plating | 2 | |
| Animal War Training | 1 | |
11 total
» buildings
| Farm | 16 | |
| Altar of Kings | 1 | |
| Scout Tower | 11 | |
| Barracks | 1 | |
| Arcane Tower | 5 | |
| Arcane Vault | 3 | |
| Lumber Mill | 1 | |
| Town Hall | 2 | |
| Guard Tower | 13 | |
| Keep | 2 | |
| Arcane Sanctum | 2 | |
| Blacksmith | 1 | |
| Castle | 1 | |
59 total
» build order
00:07 Farm
00:09 Altar of Kings
01:11 Scout Tower
01:18 Barracks
01:44 Farm
02:02 Arcane Tower
02:19 Farm
02:21 Farm
02:30 Arcane Vault
02:48 Farm
03:16 Scout Tower
03:19 Farm
03:44 Arcane Tower
03:44 Arcane Tower
05:58 Lumber Mill
06:21 Scout Tower
06:48 Town Hall
06:54 Guard Tower
06:54 Guard Tower
07:27 Scout Tower
07:43 Scout Tower
07:59 Farm
08:03 Guard Tower
08:03 Guard Tower
08:05 Scout Tower
08:08 Scout Tower
08:17 Guard Tower
08:19 Farm
08:20 Arcane Vault
08:25 Farm
08:26 Keep
08:26 Keep
08:33 Guard Tower
08:33 Guard Tower
08:35 Scout Tower
08:50 Arcane Tower
08:50 Arcane Tower
09:06 Guard Tower
09:08 Farm
09:11 Farm
09:28 Scout Tower
09:57 Guard Tower
09:58 Guard Tower
09:59 Scout Tower
10:03 Scout Tower
10:06 Farm
10:11 Farm
10:37 Guard Tower
10:38 Guard Tower
10:39 Arcane Vault
10:45 Guard Tower
10:46 Farm
10:54 Arcane Sanctum
10:55 Arcane Sanctum
11:16 Blacksmith
12:47 Castle
13:23 Town Hall
20:08 Farm
20:08 Farm
» items
| Scroll of Regeneration | 2 | |
| Mechanical Critter | 1 | |
| Scroll of Town Portal | 2 | |
| Scroll of Protection | 2 | |
| Scroll of Healing | 1 | |
| Potion of Lesser Invulnerability | 1 | |
| Ivory Tower | 3 | |
| Potion of Healing | 6 | |
| Orb of Fire | 1 | |
19 total

»
4v4name (
purple | 41 APM | 995 actions | 24:00)
4 Death Knight
2 Death Coil
2 Unholy Aura
» actions
| Assign group hotkey | 18 | |
| Basic commands | 62 | |
| Build / train | 52 | |
| ESC pressed | 6 | |
| Enter build submenu | 26 | |
| Enter hero's abilities submenu | 4 | |
| Right click | 351 | |
| Select / deselect | 208 | |
| Select group hotkey | 227 | |
| Use ability | 41 | |
995 total
» units
| Acolyte | 14 | |
| Ghoul | 4 | |
| Crypt Fiend | 7 | |
| Frost Wyrm | 9 | |
34 total
» upgrades
| Web | 1 | |
| Creature Attack | 2 | |
| Burrow | 1 | |
| Creature Carapace | 2 | |
| Freezing Breath | 1 | |
7 total
» buildings
| Altar of Darkness | 1 | |
| Ziggurat | 16 | |
| Crypt | 3 | |
| Graveyard | 1 | |
| Halls of the Dead | 1 | |
| Black Citadel | 1 | |
| Sacrificial Pit | 1 | |
| Boneyard | 2 | |
| Spirit Tower | 4 | |
| Necropolis | 1 | |
| Slaughterhouse | 2 | |
| Tomb of Relics | 1 | |
34 total
» build order
00:09 Altar of Darkness
00:15 Ziggurat
00:38 Crypt
01:08 Graveyard
01:35 Ziggurat
02:56 Halls of the Dead
03:20 Crypt
03:24 Crypt
03:33 Ziggurat
05:27 Black Citadel
05:30 Sacrificial Pit
07:07 Ziggurat
07:09 Ziggurat
07:56 Boneyard
07:57 Boneyard
08:35 Ziggurat
10:42 Spirit Tower
17:40 Ziggurat
17:41 Ziggurat
17:42 Ziggurat
17:43 Ziggurat
18:44 Spirit Tower
20:10 Spirit Tower
20:13 Necropolis
21:47 Slaughterhouse
21:49 Slaughterhouse
22:58 Tomb of Relics
23:00 Spirit Tower
23:07 Ziggurat
23:08 Ziggurat
23:10 Ziggurat
23:12 Ziggurat
23:15 Ziggurat
23:16 Ziggurat
NOOBSLAYER (
pink | 108 APM | 3557 actions | 32:54)
8 Archmage
3 Summon Water Elemental
3 Brilliance Aura
1 Blizzard
1 Mass Teleport
4 Mountain King
2 Storm Bolt
2 Bash
» actions
| Assign group hotkey | 115 | |
| Basic commands | 532 | |
| Build / train | 146 | |
| ESC pressed | 32 | |
| Enter build submenu | 59 | |
| Enter hero's abilities submenu | 11 | |
| Give item / drop item | 4 | |
| Right click | 850 | |
| Select / deselect | 443 | |
| Select group hotkey | 1133 | |
| Use ability | 232 | |
3557 total
» units
| Peasant | 16 | |
| Footman | 7 | |
| Rifleman | 3 | |
| Gryphon Rider | 7 | |
| Dragonhawk Rider | 1 | |
34 total
» upgrades
| Gunpowder | 2 | |
| Armor | 4 | |
| Swords | 3 | |
| Masonry | 3 | |
| Long Rifles | 1 | |
| Magic Sentry | 1 | |
| Animal War Training | 1 | |
| Cloud | 1 | |
| Storm Hammers | 1 | |
| Lumber Harvesting | 1 | |
| Priest Training | 1 | |
| Sorceress Training | 1 | |
| Control Magic | 1 | |
21 total
» buildings
| Altar of Kings | 2 | |
| Barracks | 1 | |
| Farm | 9 | |
| Arcane Vault | 2 | |
| Lumber Mill | 4 | |
| Keep | 2 | |
| Town Hall | 4 | |
| Scout Tower | 28 | |
| Arcane Tower | 7 | |
| Blacksmith | 1 | |
| Guard Tower | 17 | |
| Castle | 3 | |
| Gryphon Aviary | 2 | |
| Arcane Sanctum | 1 | |
83 total
» build order
00:55 Altar of Kings
00:57 Barracks
01:04 Farm
01:05 Farm
01:12 Farm
01:45 Arcane Vault
02:03 Farm
02:18 Lumber Mill
03:59 Keep
03:59 Keep
04:17 Town Hall
05:17 Scout Tower
05:49 Arcane Tower
05:49 Arcane Tower
05:59 Scout Tower
06:00 Scout Tower
06:17 Blacksmith
07:15 Guard Tower
07:15 Guard Tower
07:15 Guard Tower
07:17 Scout Tower
07:19 Scout Tower
07:23 Scout Tower
07:26 Scout Tower
08:20 Arcane Tower
08:21 Guard Tower
08:21 Guard Tower
08:21 Guard Tower
08:23 Guard Tower
08:24 Guard Tower
08:49 Farm
08:51 Farm
08:59 Castle
08:59 Castle
09:00 Castle
10:11 Gryphon Aviary
10:14 Gryphon Aviary
10:49 Arcane Sanctum
10:53 Scout Tower
10:54 Scout Tower
10:56 Scout Tower
10:57 Scout Tower
11:09 Scout Tower
11:10 Scout Tower
11:14 Lumber Mill
11:15 Lumber Mill
11:37 Arcane Tower
11:49 Arcane Tower
11:51 Arcane Tower
11:51 Arcane Tower
13:30 Town Hall
13:34 Scout Tower
13:34 Scout Tower
13:36 Scout Tower
13:36 Scout Tower
13:48 Scout Tower
13:50 Scout Tower
13:51 Scout Tower
13:52 Scout Tower
14:33 Guard Tower
14:33 Guard Tower
15:55 Scout Tower
15:56 Scout Tower
15:57 Scout Tower
16:54 Guard Tower
16:54 Guard Tower
16:59 Guard Tower
16:59 Guard Tower
16:59 Guard Tower
17:57 Farm
17:59 Farm
18:03 Farm
26:29 Guard Tower
26:29 Guard Tower
29:01 Town Hall
29:27 Town Hall
30:09 Altar of Kings
30:12 Scout Tower
30:14 Scout Tower
30:15 Scout Tower
30:17 Scout Tower
30:20 Lumber Mill
30:26 Arcane Vault
» items
| Scroll of Regeneration | 6 | |
| Mechanical Critter | 2 | |
| Scroll of Town Portal | 2 | |
| Boots of Speed | 1 | |
| Periapt of Vitality | 2 | |
| Tome of Retraining | 1 | |
| Potion of Lesser Invulnerability | 1 | |
| Staff of Teleportation | 2 | |
17 total
iplaynude (
yellow | 56 APM | 1577 actions | 27:56)
5 Mountain King
3 Storm Bolt
2 Bash
2 Paladin
1 Holy Light
1 Divine Shield
» actions
| Assign group hotkey | 29 | |
| Basic commands | 5 | |
| Build / train | 92 | |
| Enter build submenu | 32 | |
| Enter hero's abilities submenu | 7 | |
| Give item / drop item | 1 | |
| Right click | 524 | |
| Select / deselect | 446 | |
| Select group hotkey | 357 | |
| Use ability | 84 | |
1577 total
» units
| Peasant | 24 | |
| Footman | 6 | |
| Sorceress | 5 | |
| Rifleman | 6 | |
| Mortar Team | 10 | |
| Siege Engine | 3 | |
54 total
» upgrades
| Lumber Harvesting | 2 | |
| Sorceress Training | 2 | |
| Flare | 1 | |
| Long Rifles | 1 | |
| Gunpowder | 2 | |
| Barrage | 1 | |
| Fragmentation Shards | 1 | |
| Armor | 1 | |
11 total
» buildings
| Barracks | 1 | |
| Altar of Kings | 1 | |
| Farm | 13 | |
| Arcane Vault | 2 | |
| Town Hall | 2 | |
| Keep | 1 | |
| Lumber Mill | 1 | |
| Blacksmith | 1 | |
| Scout Tower | 14 | |
| Arcane Sanctum | 2 | |
| Guard Tower | 3 | |
| Arcane Tower | 4 | |
| Workshop | 2 | |
| Castle | 2 | |
49 total
» build order
00:21 Barracks
00:38 Altar of Kings
00:52 Farm
01:12 Farm
01:51 Farm
02:04 Arcane Vault
04:02 Town Hall
04:11 Keep
04:25 Lumber Mill
05:32 Blacksmith
06:15 Scout Tower
06:16 Scout Tower
06:17 Scout Tower
06:38 Arcane Sanctum
06:40 Arcane Sanctum
07:02 Guard Tower
07:03 Arcane Tower
07:13 Workshop
07:23 Guard Tower
07:30 Farm
07:37 Scout Tower
07:40 Scout Tower
08:28 Castle
08:28 Castle
08:49 Farm
09:01 Workshop
09:11 Farm
09:13 Farm
09:14 Farm
09:17 Farm
09:17 Farm
09:31 Arcane Tower
09:45 Guard Tower
11:50 Scout Tower
11:52 Arcane Vault
12:05 Farm
12:36 Town Hall
12:40 Scout Tower
12:42 Scout Tower
13:34 Arcane Tower
13:40 Farm
17:45 Farm
23:35 Scout Tower
23:36 Scout Tower
23:36 Scout Tower
23:39 Scout Tower
23:41 Arcane Tower
24:19 Scout Tower
24:20 Scout Tower
» items
| Scroll of Regeneration | 2 | |
| Scroll of Town Portal | 2 | |
| Lesser Clarity Potion | 1 | |
| Potion of Mana | 1 | |
| Potion of Lesser Invulnerability | 1 | |
| Scroll of Healing | 1 | |
8 total
team 2 (loser)

»
alaskaland (
teal | 57 APM | 910 actions | 15:55)
5 Death Knight
3 Death Coil
2 Unholy Aura
2 Crypt Lord
1 Impale
1 Spiked Carapace
» actions
| Assign group hotkey | 23 | |
| Basic commands | 28 | |
| Build / train | 62 | |
| ESC pressed | 2 | |
| Enter build submenu | 26 | |
| Enter hero's abilities submenu | 7 | |
| Remove unit from queue | 3 | |
| Right click | 264 | |
| Select / deselect | 185 | |
| Select group hotkey | 251 | |
| Use ability | 59 | |
910 total
» units
| Acolyte | 22 | |
| Ghoul | 3 | |
| Crypt Fiend | 7 | |
| Kobold Geomancer | 1 | |
33 total
» upgrades
| Creature Attack | 2 | |
| Creature Carapace | 1 | |
| Web | 1 | |
4 total
» buildings
| Crypt | 1 | |
| Altar of Darkness | 1 | |
| Ziggurat | 13 | |
| Graveyard | 1 | |
| Tomb of Relics | 2 | |
| Nerubian Tower | 2 | |
| Necropolis | 1 | |
| Spirit Tower | 2 | |
| Halls of the Dead | 1 | |
| Black Citadel | 1 | |
| Sacrificial Pit | 1 | |
26 total
» build order
00:38 Crypt
00:41 Altar of Darkness
00:43 Ziggurat
00:59 Graveyard
01:37 Ziggurat
01:53 Ziggurat
02:02 Tomb of Relics
02:33 Nerubian Tower
02:50 Ziggurat
03:03 Ziggurat
03:57 Ziggurat
04:46 Necropolis
04:51 Spirit Tower
04:53 Ziggurat
06:05 Nerubian Tower
06:55 Ziggurat
06:59 Tomb of Relics
08:08 Halls of the Dead
08:43 Ziggurat
08:45 Ziggurat
10:26 Ziggurat
10:27 Ziggurat
10:28 Ziggurat
10:32 Black Citadel
11:25 Sacrificial Pit
11:31 Spirit Tower
» items
| Rod of Necromancy | 2 | |
| Sacrificial Skull | 1 | |
| Potion of Healing | 1 | |
| Orb of Corruption | 1 | |
| Scroll of Town Portal | 1 | |
6 total
czefs (
red | 84 APM | 1274 actions | 15:12)
3 Keeper of the Grove
2 Force of Nature
1 Entangling Roots
2 Dark Ranger
1 Black Arrow
1 Silence
» actions
| Assign group hotkey | 21 | |
| Basic commands | 46 | |
| Build / train | 63 | |
| Enter build submenu | 14 | |
| Enter hero's abilities submenu | 6 | |
| Right click | 251 | |
| Select / deselect | 218 | |
| Select group hotkey | 612 | |
| Use ability | 43 | |
1274 total
» units
| Wisp | 21 | |
| Archer | 13 | |
| Hippogryph | 15 | |
49 total
» upgrades
| Moon Armor | 1 | |
| Improved Bows | 1 | |
| Strength of the Moon | 1 | |
| Hippogryph Taming | 1 | |
4 total
» buildings
| Moon Well | 6 | |
| Altar of Elders | 1 | |
| Ancient of War | 2 | |
| Tree of Ages | 1 | |
| Hunter's Hall | 1 | |
| Ancient of Wonders | 1 | |
| Ancient of Wind | 2 | |
| Tree of Life | 1 | |
15 total
» build order
00:23 Moon Well
01:06 Altar of Elders
01:35 Ancient of War
01:41 Moon Well
01:49 Ancient of War
02:08 Moon Well
02:13 Moon Well
02:25 Moon Well
05:31 Tree of Ages
06:16 Hunter's Hall
06:20 Ancient of Wonders
06:50 Moon Well
08:03 Ancient of Wind
08:04 Ancient of Wind
08:35 Tree of Life
» items
ILOOP4U (
blue | 63 APM | 2086 actions | 32:53)
6 Blademaster
3 Wind Walk
2 Critical Strike
1 Bladestorm
» actions
| Assign group hotkey | 48 | |
| Basic commands | 22 | |
| Build / train | 61 | |
| Enter build submenu | 22 | |
| Enter hero's abilities submenu | 6 | |
| Give item / drop item | 1 | |
| Remove unit from queue | 1 | |
| Right click | 913 | |
| Select / deselect | 248 | |
| Select group hotkey | 654 | |
| Use ability | 110 | |
2086 total
» units
| Peon | 11 | |
| Wind Rider | 6 | |
| Demolisher | 3 | |
| Raider | 8 | |
28 total
» upgrades
| Ranged Weapons | 1 | |
| Reinforced Defenses | 1 | |
| Armor | 1 | |
| Envenomed Spears | 1 | |
| Ensnare | 1 | |
| Melee Weapons | 2 | |
| Spiked Barricades | 1 | |
| Pillage | 1 | |
9 total
» buildings
| Altar of Storms | 1 | |
| Orc Burrow | 6 | |
| Voodoo Lounge | 1 | |
| Stronghold | 1 | |
| War Mill | 1 | |
| Beastiary | 2 | |
| Fortress | 1 | |
| Watch Tower | 26 | |
| Barracks | 1 | |
40 total
» build order
00:06 Altar of Storms
00:16 Orc Burrow
00:50 Voodoo Lounge
02:07 Stronghold
02:21 Orc Burrow
02:21 Orc Burrow
02:22 Orc Burrow
03:28 War Mill
04:32 Beastiary
04:33 Beastiary
05:24 Fortress
06:14 Watch Tower
06:14 Watch Tower
06:14 Watch Tower
06:33 Watch Tower
07:11 Watch Tower
07:13 Watch Tower
08:51 Watch Tower
08:51 Watch Tower
09:39 Watch Tower
10:08 Watch Tower
10:08 Watch Tower
10:22 Watch Tower
11:36 Watch Tower
11:37 Watch Tower
11:37 Watch Tower
11:38 Watch Tower
13:16 Watch Tower
13:39 Orc Burrow
13:39 Orc Burrow
14:15 Watch Tower
14:17 Barracks
15:39 Watch Tower
15:39 Watch Tower
15:40 Watch Tower
16:09 Watch Tower
16:16 Watch Tower
16:16 Watch Tower
19:43 Watch Tower
19:43 Watch Tower
» items
| Healing Salve | 3 | |
| Lesser Clarity Potion | 2 | |
| Staff of Teleportation | 1 | |
| Boots of Speed | 1 | |
| Orb of Lightning | 1 | |
| Scroll of Town Portal | 2 | |
| Potion of Lesser Invulnerability | 1 | |
| Scroll of Healing | 1 | |
| Tiny Great Hall | 1 | |
13 total
NAZlS4TrumpIllI (
green | 51 APM | 946 actions | 18:22)
3 Blademaster
2 Wind Walk
1 Critical Strike
» actions
| Assign group hotkey | 34 | |
| Basic commands | 64 | |
| Build / train | 41 | |
| Enter build submenu | 8 | |
| Enter hero's abilities submenu | 3 | |
| Give item / drop item | 8 | |
| Right click | 325 | |
| Select / deselect | 135 | |
| Select group hotkey | 223 | |
| Use ability | 105 | |
946 total
» units
» buildings
| Altar of Storms | 1 | |
| Orc Burrow | 2 | |
| War Mill | 1 | |
| Voodoo Lounge | 1 | |
| Watch Tower | 3 | |
| Barracks | 1 | |
9 total
» build order
00:08 Altar of Storms
00:12 Orc Burrow
00:54 War Mill
01:07 Voodoo Lounge
01:26 Orc Burrow
02:25 Watch Tower
03:38 Watch Tower
03:39 Watch Tower
04:49 Barracks
» items
| Healing Salve | 3 | |
| Lesser Clarity Potion | 3 | |
| Scroll of Speed | 2 | |
| Circlet of Nobility | 5 | |
| Staff of Teleportation | 1 | |
| Boots of Speed | 1 | |
| Orb of Corruption | 2 | |
17 total
Chat log
(00:18 / Allies) 4v4name: hey
(00:21 / Allies) 4v4name: fiends wyrm
(01:02 / All) NAZlS4TrumpIllI: never use a condom
(01:07 / Allies) iplaynude: you guys should invest in ethereum
(01:08 / All) alaskaland: thats why i have kids
(01:16 / All) NAZlS4TrumpIllI: and always vote trump
(03:29 / All) NAZlS4TrumpIllI: should have waited for him to start creeping before you attacked him blue
(03:33 / All) NAZlS4TrumpIllI: now your'e following me for some aresoan
(04:06 / All) ILOOP4U: now green is throwing hissy fit
(04:12 / All) NAZlS4TrumpIllI: game over
(04:13 / All) NOOBSLAYER: whats he doing
(04:16 / All) ILOOP4U: i was creeping that shit first nigger
(04:27 / All) NOOBSLAYER: green throwing a bitch fit like a woman?
(04:28 / All) maui: whata pussy green
(04:58 / Allies) NOOBSLAYER: lol
(05:02 / Allies) 4v4name: tking
(05:03 / Allies) 4v4name: he is
(05:11 / All) iplaynude: pussy green
(05:26 / All) iplaynude: baby
(05:44 / All) NOOBSLAYER: Baby boy green throwing a bitch fit LOL!
(05:46 / Allies) 4v4name: yellow
(05:55 / Allies) iplaynude: come
(06:00 / Allies) 4v4name: im there
(06:05 / Allies) 4v4name: clear mid
(06:07 / Allies) 4v4name: we're there already
(06:07 / Allies) iplaynude: ty
(07:40 / Allies) 4v4name: nm
(07:50 / Allies) 4v4name: expanding here soon
(08:53 / Allies) 4v4name: teal i bet went wyrms
(09:59 / All) ILOOP4U: can i get claws purp?
(10:19 / Allies) 4v4name: hit soon
(11:48 / Allies) 4v4name: go hit guys
(13:03 / All) maui: you're a bitch green
(13:07 / All) maui: sore loser
(13:10 / Allies) 4v4name: pink
(13:11 / Allies) 4v4name: gold plz
(13:14 / Allies) 4v4name: you have 3k
(13:38 / Allies) 4v4name: pink
(13:40 / Allies) 4v4name: gold plz
(13:43 / Allies) 4v4name: you have 3 k
(13:56 / All) NAZlS4TrumpIllI: teal your base is dying
(14:02 / Allies) 4v4name: and please no more footies and rifles
(14:05 / Allies) 4v4name: its late game...
(14:30 / Allies) NOOBSLAYER: lumber me plz
(14:43 / Allies) 4v4name: more gold
(14:51 / All) NAZlS4TrumpIllI: it was easy to kill those
(14:53 / Allies) NOOBSLAYER: lumber for gold
(15:04 / Allies) 4v4name: then expos
(15:14 / All) NAZlS4TrumpIllI: teal its happeing agian
(15:45 / All) alaskaland: gg, green tk
(15:57 / All) NAZlS4TrumpIllI: l
(15:58 / All) iplaynude: [oussy grene
(15:59 / Allies) NOOBSLAYER: lumber plz
(16:15 / Allies) NOOBSLAYER: lumber plz
(16:54 / All) NAZlS4TrumpIllI: that was easy to do lol
(17:02 / All) iplaynude: ur gay
(17:07 / All) 4v4name: congrats?
(17:14 / All) 4v4name: you tked in a 10 year old game
(17:19 / All) 4v4name: sounds like a productive evening
(17:24 / All) NAZlS4TrumpIllI: it was easy to do
(17:24 / All) 4v4name: for a trump supporter
(17:32 / All) 4v4name: so is getting herpes
(18:11 / All) NAZlS4TrumpIllI: buy
(18:56 / Allies) iplaynude: gg afk
(19:03 / All) NOOBSLAYER: faggot paladin leeching
(19:13 / Allies) maui: just get hawks
(19:15 / Allies) maui: with cloud
(19:16 / Allies) maui: easy
(19:29 / Allies) 4v4name: ya
(19:31 / Allies) 4v4name: and freeze
(20:24 / Allies) maui: what a waste of a game
(20:30 / Allies) maui: you people are children
(20:34 / Allies) NOOBSLAYER: I had a good time and it's not all about you
(20:50 / All) NOOBSLAYER: Oj thinks the game is all about HIS personal fun
(20:53 / All) NOOBSLAYER: doesn't care if I have fun or not
(21:20 / Allies) 4v4name: no cloud?
(21:21 / Allies) maui: lol
(21:24 / Allies) maui: pink
(21:25 / Allies) maui: haha
(21:25 / All) ILOOP4U: gj retards
(21:27 / Allies) maui: you think you got me?
(21:28 / Allies) NOOBSLAYER: hehe
(21:32 / Allies) NOOBSLAYER: I sure do
(21:33 / Allies) maui: im gonna alt tab out
(21:36 / Allies) maui: haha
(21:38 / Allies) NOOBSLAYER: haha
(21:39 / Allies) maui: win this for me
(21:40 / Allies) maui: thanks
(21:40 / Allies) maui: bye
(21:42 / Allies) NOOBSLAYER: HAHAHAHA
(22:16 / Allies) 4v4name: yellow can you just mass tanks while they tk
(22:20 / Allies) 4v4name: so we can get this over with
(22:21 / Allies) NOOBSLAYER: he's afk too
(22:21 / Allies) 4v4name: im sleepy
(22:22 / Allies) NOOBSLAYER: you lose
(22:23 / Allies) NOOBSLAYER: it's over
(22:26 / Allies) NOOBSLAYER: leave and go to bed buddy
(22:28 / Allies) 4v4name: ugh
(23:37 / Allies) 4v4name: gonna alt tab as well
(23:39 / Allies) 4v4name: so enjoy
(23:40 / Allies) NOOBSLAYER: have fun
(23:42 / Allies) NOOBSLAYER: I know I will
(23:44 / Allies) 4v4name: you too!
(23:53 / Allies) NOOBSLAYER: I hope you're all having as much fun as I am
(23:55 / All) ILOOP4U: leave plz
(23:56 / Allies) NOOBSLAYER: good time tking WOOOOOO!
(24:03 / All) ILOOP4U: u win some u lose some
(24:29 / Allies) NOOBSLAYER: thought you alt tabbed or went afk yellow?
(24:49 / Allies) NOOBSLAYER: sure don't look like it pal
(24:53 / All) ILOOP4U: out nub oj
(25:34 / All) NOOBSLAYER: Yellow is "afk" making towers at his expo
(25:41 / All) NOOBSLAYER: I wish I could do stuff like that when I afk
(26:00 / All) ILOOP4U: lawl
(26:11 / All) NOOBSLAYER: yellow how do you still control your stuff when afk?
(26:13 / All) NOOBSLAYER: can you teach me?
(27:04 / All) ILOOP4U: leave nubs
(28:04 / All) NOOBSLAYER: Oj leave now you get a tie
(28:06 / All) NOOBSLAYER: stay you get a loss
(28:24 / All) NOOBSLAYER: oops
(32:14 / All) NOOBSLAYER: anything to say for yourself oj?
(32:36 / All) NOOBSLAYER: guess not